blink, chaotic male elven Wizard -- - -- . ..-----------.----. |. -.-----................|---- --..- |.|...|..%.Y...........|%??| ..... |.|...-).--%--.........| | ....- ----.|...|..|.@.|..-----..|... -...------....-----..|.@.|--- ..--+-- -...................|...| .. |...................|---- ... --............----...| {... |..........--.| +...| ....| |..........||.| |...| --|-- --.....<.---|.- -...- . ---.....| |. .... - ---...| -. ..#... |...- . -. ..{. --.. . -. |... ... -.. . -... -.--- ---- --- ---- --- blink the Thaumaturge Experience level: 8 Strength: 14 Dexterity: 12 Constitution: 11 Intelligence: 18 Wisdom: 11 Charisma: 9 Health: 0(48) Energy: 39(108) AC: 9 Gold: 462 Moves: 2623 Your Inventory: Coins $ - 462 gold pieces Weapons a - a blessed +1 quarterstaff (weapon in hands) Armor b - an uncursed +0 cloak of magic resistance (being worn) Scrolls i - 3 uncursed scrolls of teleportation j - an uncursed scroll of remove curse u - an [uncursed] scroll labeled ZLORFIK [of gold detection] z - a [cursed] unlabeled scroll [of blank paper] Spellbooks k - a blessed spellbook of force bolt l - an uncursed spellbook of charm monster Potions f - an uncursed potion of oil h - an uncursed potion of healing Rings d - an uncursed +3 ring of increase damage e - an uncursed ring of sustain ability p - an [uncursed +3] obsidian ring [of gain constitution] t - a [cursed -1] twisted ring [of protection] Wands c - an uncursed wand of secret door detection (0:11) Tools m - an uncursed bugle w - an [uncursed] expensive camera [0:93] y - an [uncursed] lock pick C - an [uncursed] bag [oilskin sack] E - an [uncursed] partly used [tallow] candle Spells known in the end: Name Level Category Fail Memory a - force bolt 1 attack 0% [|||||||.] b - charm monster 3 enchantment 0% [|||||||.] Your skills at the end: Fighting Skills Weapon Skills quarterstaff [Basic / Expert] Spellcasting Skills attack spells [Basic / Expert] enchantment spells [Basic / Skilled] Final Attributes: You were piously aligned. Hunger level was 876. Your alignment was 21 / 23. Monster difficulty range was 1 - 7. Level difficulty was 7. You were immune to sleep. You were magic-protected. You saw invisible. You had infravision. Your luck was zero. You are dead. Vanquished creatures: a winter wolf cub a black light a dog a housecat 2 snow ants 3 fog clouds 5 gnome lords a gnomish wizard a paper golem a baby crocodile a little dog a kitten 4 dwarves 2 rothes a rabid rat a monkey 2 iguanas an acid blob 3 hobbits a giant rat 5 cave spiders 26 gnomes 6 garter snakes 4 geckos a fox 2 kobolds a goblin 2 sewer rats 7 grid bugs a lichen 2 kobold zombies 3 newts 94 creatures vanquished. Voluntary challenges: You used a wielded weapon 71 times. You read items or engraved 42 times. You put on armor 1 time. You never genocided any monsters. You never polymorphed an object. You never changed form. You used no wishes. You wrote Elbereth's name 27 times. You encountered 1 bones level. You never used any Sokoban shortcuts. Dungeon overview: The Dungeons of Doom: levels 1 to 3 Level 1 some fountains a long staircase Level 2 a general store, a fountain Level 3 a general store, an altar stairs to The Gnomish Mines The Gnomish Mines: levels 4 to 7 Level 4 stairs to The Dungeons of Doom Level 7 <- You were here a general store, some fountains, a tree History has recorded: On T:1 you entered the Dungeons of Doom to retrieve the Amulet of Yendor! On T:191 you advanced to experience level 2. On T:245 you reached level 2 of The Dungeons of Doom. On T:573 you reached level 3 of The Dungeons of Doom. On T:635 you reached level 1 of The Gnomish Mines. On T:654 you advanced to experience level 3. On T:656 you advanced to experience level 4. On T:668 you advanced to experience level 5. On T:910 you advanced to experience level 6. On T:1684 you advanced to experience level 7. On T:1719 you reached level 2 of The Gnomish Mines. On T:1744 you reached level 3 of The Gnomish Mines. On T:1970 you reached level 4 of The Gnomish Mines. On T:2601 you advanced to experience level 8. Latest messages: [HP+1=28] You hear crashing rock. [HP+1=29] The watchman wields a dagger! The dagger welds itself to the watchman's hand! The watchman thrusts her dagger. The watchman hits! [HP-9=20] [HP+1=21] The watchman thrusts her dagger. The watchman hits! [HP-6=15] Something is written here in the dust. You read: "& e e?hEl|er???F bc? tn[ bcre?h?? cre hEl c?ctnEl|erc/nEl|ere? ||?rcthElbrrc?n???e???h |?e?e??|||er thE(bc?eth| bc?%tnWlberethElberethElberethElberethElMerethElberethElbcr`th". You see here a gold piece. The owlbear turns to flee! The watchman thrusts her dagger. The watchman hits! [HP-10=5] You miss the owlbear. The watchman thrusts her dagger. The watchman hits! You die... The oilskin sack is empty. Final status: Goodbye blink the Wizard... You died in The Gnomish Mines on dungeon level 7 with 3836 points, and 462 pieces of gold, after 2623 moves. You were level 8 with a maximum of 48 hit points when you died.